 Dungeon Crawl Stone Soup version 0.30-a0-739-gea05faddec (webtiles) character file.

Game seed: 15268302413377976207

1397 cforsyth the Conjurer (level 8, -4/41 HPs)
             Began as a Tengu Fire Elementalist on Feb 4, 2023.
             Killed from afar by a white imp (14 damage)
             ... with a puff of frost
             ... on level 5 of the Dungeon.
             The game lasted 00:17:44 (6505 turns).

cforsyth the Conjurer (Tengu Fire Elementalist)     Turns: 6505, Time: 00:17:45

Health: -4/41      AC:  4    Str:  9    XL:     8   Next: 69%
Magic:  14/17      EV: 14    Int: 20    God:
Gold:   315        SH:  0    Dex: 15    Spells: 17/18 levels left

rFire   . . .      SeeInvis .    (no weapon)
rCold   . . .      Faith    .    (no shield)
rNeg    . . .      Spirit   .    a - +0 robe
rPois   .          Reflect  .    (helmet restricted)
rElec   .          Harm     .    E - +1 cloak of Ru's Wrath {+Inv Will+ Int+3 Stlth+}
rCorr   .          Rampage  .    (no gloves)
Will    +....                    (boots unavailable)
Stlth   +++                      (no amulet)
HPRegen 0.26/turn                (no ring)
MPRegen 0.15/turn                (no ring)

@: lethally poisoned (-4 -> -20), flying quickly and evasively, quick
A: beak, talons 3, nimble flight
a: Evoke Invisibility


You were on level 5 of the Dungeon.
You visited 1 branch of the dungeon, and saw 6 of its levels.
You also visited: Ossuary.

You collected 315 gold pieces.

Inventory:

Armour
 a - a +0 robe (worn)
 d - a +3 leather armour
 E - the +1 cloak of Ru's Wrath (worn) {+Inv Will+ Int+3 Stlth+}
   (You found it on level 5 of the Dungeon)

   Int:       It affects your intelligence (+3).
   +Inv:      It lets you turn invisible.
   Will:      It increases your willpower.
   Stlth:     It makes you more stealthy.
Jewellery
 o - a ring of magical power
 p - a ring of wizardry
Scrolls
 e - a scroll of teleportation {unknown}
 f - 2 scrolls of magic mapping {unknown}
 g - a scroll of butterflies {unknown}
 j - a scroll of torment {unknown}
 k - 3 scrolls of poison
 q - a scroll of noise {unknown}
 s - a scroll of acquirement {unknown}
 v - a scroll of fear {unknown}
 w - 6 scrolls of identify
 x - a scroll of brand weapon {unknown}
 y - a scroll of amnesia {unknown}
 C - a scroll of enchant weapon {unknown}
Potions
 b - a potion of magic
 c - 6 potions of mutation
 h - 2 potions of might
 i - 2 potions of heal wounds
 l - a potion of cancellation
 m - 2 potions of brilliance
 n - a potion of haste
 r - a potion of attraction {unknown}
 t - 4 potions of resistance {unknown}
 u - 2 potions of curing {unknown}
 z - a potion of berserk rage
 A - a potion of invisibility {unknown}
 B - a potion of lignification {unknown}
 D - a potion of ambrosia {unknown}


   Skills:
 - Level 2.1 Dodging
 - Level 2.0 Stealth
 + Level 5.8 Spellcasting
 + Level 7.9 Conjurations
 + Level 7.3 Fire Magic


You had 17 spell levels left.
You knew the following spells:

 Your Spells              Type           Power      Damage    Failure   Level
a - Foxfire               Conj/Fire      100%       2x1d9     1%          1

Your spell library contained the following spells:

 Spells                   Type           Power      Damage    Failure   Level
 Scorch                   Fire           70%        2d9       1%          2
 Flame Wave               Conj/Fire      36%        2d10      4%          4
 Inner Flame              Hex/Fire       20%        N/A       7%          3
 Kindle Blastsparks       Fire/Tloc/Air  30%        2d12      12%         3
 Irradiate                Conj/Tmut      10%        3d15      52%         5
 Blade Hands              Tmut           2%         N/A       96%         5
 Dragon Form              Tmut           2%         N/A       100%        7


Dungeon Overview and Level Annotations

Branches:
Dungeon (6/15)             Temple (0/1) D:5         Ossuary (visited)

Altars:
Kikubaaqudgha
Ru
Trog
Zin

Shops:
D:2 [[


Innate Abilities, Weirdness & Mutations

You have a beak for a mouth.
You have claws for feet.
Your magical nature lets you fly swiftly and evasively.


Message History

The howler monkey howls!
The foxfire hits the water moccasin but does no damage.
The howler monkey hoots and howls with incredible vigour!
The foxfire hits the white imp.
The white imp is burned terribly!
The white imp is moderately wounded.
Unknown command.
You can't go down here!
Unknown command.
The water moccasin bites you.
You are poisoned.
The water moccasin poisons you! The phantom misses you.
The jelly closely misses you.
You fly upwards.
You feel very sick.
There is a stone staircase leading down here.
You conjure some foxfire!
You feel sick. The water moccasin barely misses you.
The white imp closely misses you. The phantom completely misses you.
The jelly hits you but does no damage.
Unknown command.
You conjure some foxfire!
You feel sick.
The foxfire hits the white imp.
The white imp is burned terribly!
The white imp is almost dead.
The foxfire hits the phantom but does no damage.
The water moccasin completely misses you.
The white imp gestures at you. The puff of frost hits you!
The water moccasin bites you.
You are more poisoned.
The water moccasin poisons you! The phantom closely misses you.
The jelly barely misses you.
You conjure some foxfire!
You feel very sick.
The foxfire hits the phantom.
The phantom is lightly damaged.
The foxfire hits the phantom.
The phantom is moderately damaged.
The water moccasin bites you!
* * * LOW HITPOINT WARNING * * *
The white imp gestures at you. The puff of frost hits you!
You die...

####
#...#.................####
#...#####........####....###
⌠ #... #..#........#
.#....#.. ..>
#...##..'........#..+....#..
⌠..
#.......#....#####..#....#..
...
#.......#...÷#......#....##'
###
#...##..#....'......#.......
#....##..#.Sv.#..##..#.......
#....#...'.v@W#..##..#####...
#....#...#.5.J#..........#...
##########....#..........#...
...........#..........#...
...........#..........#...
...........#..........#...
...........#..........#...
...........#..##..##..#...
############..##..##..##..


You could see a water moccasin, a phantom (ally target), a jelly and a white imp
(ally target).

Vanquished Creatures
  A black bear (D:5)
  A hornet zombie (Ossuary)
  An ogre (D:4)
  Blork the orc (D:5)
  A water moccasin zombie (Ossuary)
  3 centaur zombies (Ossuary)
  4 bullfrog zombies (Ossuary)
  A hound (D:4)
  2 jellies
  3 iguanas (D:5)
  2 orc wizards (D:3)
  3 killer bee zombies (Ossuary)
  18 mummies
  2 howler monkey zombies (Ossuary)
  3 adders
  A white imp (D:5)
  An ufetubus (D:5)
  2 worms
  A dart slug (D:3)
  18 orcs
  7 endoplasms
  5 giant cockroaches
  13 goblins
  7 hobgoblins
  5 quokkas
  10 ball pythons
  6 bats
  4 frilled lizards
  4 kobolds
  4 rats
134 creatures vanquished.

Vanquished Creatures (collateral kills)
  2 foxfires
2 creatures vanquished.

Vanquished Creatures (others)
  701 foxfires
  10 withered plants (Ossuary)
711 creatures vanquished.

Grand Total: 847 creatures vanquished

Notes
Turn   | Place    | Note
-------+----------+-------------------------------------------
     0 | D:1      | cforsyth the Tengu Fire Elementalist began the quest for
                  | the Orb.
     0 | D:1      | Reached XP level 1. HP: 10/10 MP: 4/4
   129 | D:1      | Reached XP level 2. HP: 15/15 MP: 1/6
   832 | D:1      | Reached XP level 3. HP: 19/19 MP: 0/7
   941 | D:1      | Upgraded the game from 0.30-a0-738-g116ff8c4af to
                  | 0.30-a0-739-gea05faddec
  1726 | D:2      | Found Nolig's Antique Armour Shop.
  1887 | D:2      | Found Fera's Armour Boutique.
  2514 | D:3      | Reached XP level 4. HP: 22/24 MP: 5/9
  2783 | D:3      | Gained mutation: Your magical nature lets you fly swiftly
                  | and evasively. [Tengu growth]
  2783 | D:3      | Reached XP level 5. HP: 28/28 MP: 7/10
  3046 | D:3      | Found an ancient bone altar of Kikubaaqudgha.
  3766 | D:4      | Reached XP level 6. HP: 32/32 MP: 9/12
  3886 | D:4      | Found a bloodstained altar of Trog.
  3971 | D:4      | Reached skill level 5 in Fire Magic
  4260 | D:4      | Found a sacrificial altar of Ru.
  4400 | D:4      | Found a glowing silver altar of Zin.
  4574 | D:4      | Reached skill level 5 in Conjurations
  4840 | D:5      | Entered Level 5 of the Dungeon
  4881 | D:5      | Noticed Blork the orc
  4886 | D:5      | Killed Blork the orc
  4914 | D:5      | Found a staircase to the Ecumenical Temple.
  4955 | D:5      | Reached XP level 7. HP: 36/36 MP: 2/14
  5168 | D:5      | Found a sand-covered staircase.
  5180 | Ossuary  | Entered an ossuary
  5551 | Ossuary  | Reached XP level 8. HP: 41/41 MP: 12/16
  5590 | Ossuary  | Reached skill level 5 in Spellcasting
  6453 | D:5      | Identified the +1 cloak of Ru's Wrath {+Inv Will+ Int+3
                  | Stlth+}
  6505 | D:5      | Killed from afar by a white imp

Illustrated notes

Levels and vault maps discovered:
D:1:      minmay_arrival_stone_box, layout_basic, serial_bayou_pond_a
D:2:      layout_rooms, serial_shops, shop, shop
D:3:      wander_river, layout_loops_ring, kiku_gazebo_pond_becter,
          kennysheep_small_spiral
D:4:      layout_basic, nicolae_ru_the_path_less_chosen, general_overflow_altar,
          mainiacjoe_overflow_chevrons
D:5:      layout_gridville, minmay_temple_entry_from_below_b,
          gup_ossuary_entry_pyramid, uniq_blork_the_orc
D:6:      layout_basic, grunt_temple_overflow_forces_of_nature,
          mainiacjoe_overflow_alcove_2, minmay_stone_trees_large,
          nicolae_fountain_basement

Skill      XL: |  1  2  3  4  5  6  7  8 |
---------------+-------------------------+-----
Conjurations   | 2 3 4 5 6 7 |  7.9
Fire Magic     | 4 5 6 7 |  7.3
Spellcasting   | 3 4 5 |  5.8
Dodging        | |  2.1
Stealth        | |  2.0

Action                     |  1- 3 |  4- 6 |  7- 9 || total
---------------------------+-------+-------+-------++-------
  Melee: Unarmed           |     4 |    17 |    35 ||    56
         Peck              |     1 |     5 |    10 ||    16
         Kick              |     2 |     5 |    18 ||    25
         Punch             |       |       |     1 ||     1
   Cast: Foxfire           |   145 |   142 |   126 ||   413
    Use: Scroll            |       |     7 |       ||     7
 Armour: Robe              |     5 |     2 |    15 ||    22
  Dodge: Dodged            |    27 |    16 |    62 ||   105

Table legend: (Time is in decaauts)
 A = Elapsed time spent in this place.
 B = Non-inter-level travel time spent in this place.
 C = Inter-level travel time spent in this place.
 D = Time resting spent in this place.
 E = Time spent auto-exploring this place.
 F = Levels seen in this place.
 G = Mean time per level.
                   A        B        C        D        E       F      G
               +--------+--------+--------+--------+--------+-----+--------+
         Total |   6334 |   6228 |    106 |    464 |   4565 |   7 |  904.9 |
       Dungeon |   5193 |   5087 |    106 |      5 |   4167 |   6 |  865.5 |
       Ossuary |   1141 |   1141 |      0 |    459 |    398 |   1 | 1141.0 |
               +--------+--------+--------+--------+--------+-----+--------+

Top non-repeatable levels by time:
     D:3: 1365 daAuts
     D:1: 1326 daAuts
 Ossuary: 1141 daAuts
     D:4: 1120 daAuts
     D:2: 916 daAuts
     D:5: 461 daAuts
     D:6: 2 daAuts
